 Dungeon Crawl Stone Soup version 0.27-a0-396-g03f4e8edb7 (webtiles) character file.

Game seed: 13232359287528160327

898 Morbidden the Sneak (level 7, -6/81 HPs)
             Began as a Demonspawn Brigand on Feb 21, 2021.
             Was a Believer of Cheibriados.
             Mangled by a wyvern skeleton (8 damage)
             ... on level 5 of the Dungeon.
             The game lasted 00:08:07 (7205 turns).

Morbidden the Sneak (Demonspawn Brigand)            Turns: 7205, Time: 00:08:08

Health: -6/81      AC: 23    Str: 22    XL:     7   Next: 79%
Magic:  9/9        EV:  2    Int: 18    God:    Cheibriados [**....]
Gold:   252        SH:  0    Dex: 18    Spells: 6/6 levels left

rFire    . . .     SeeInvis .     - Unarmed
rCold    . . .     Faith    .   (no shield)
rNeg     + + +     Spirit   .   (armour currently unavailable)
rPois    +         Reflect  .   (helmet currently unavailable)
rElec    .         Harm     .   (cloak currently unavailable)
rCorr    .         Rampage  .   (gloves currently unavailable)
Will     +....     NoTele   +   (boots currently unavailable)
Stlth    +++.......             (no amulet)
HPRegen  0.23/turn              i - ring of willpower
MPRegen  0.22/turn              s - +6 ring of strength

@: tree-form, very slow
A: foul stench 1, magic regeneration
a: Renounce Religion, Bend Time


You were on level 5 of the Dungeon.
You worshipped Cheibriados.
Cheibriados was pleased with you.
You were a tree.
You visited 1 branch of the dungeon, and saw 5 of its levels.
You also visited: Sewer.

You collected 252 gold pieces.

Inventory:

Hand Weapons
 a - a +5 dagger of venom
Missiles
 e - 2 curare-tipped darts
 f - 7 poisoned darts (quivered)
Armour
 b - a +0 robe (melded)
 c - a +0 cloak (melded)
Jewellery
 i - a ring of willpower (left branch)
 s - a +6 ring of strength (right branch)
Wands
 t - a wand of digging (6)
Scrolls
 g - 3 scrolls of amnesia
 h - 2 scrolls of identify
 m - 2 scrolls of teleportation
 n - 2 scrolls of fear
 q - a scroll of enchant armour {unknown}
 u - a scroll of blinking
Potions
 d - a potion of resistance
 j - 2 potions of brilliance
 k - a potion of heal wounds {unknown}
 l - a potion of attraction
 o - 2 potions of flight
 p - 2 potions of might
 r - a potion of berserk rage {unknown}
 v - a potion of lignification


   Skills:
 * Level 4.1 Fighting
 + Level 3.2 Short Blades
 + Level 2.3 Throwing
 * Level 3.7 Dodging
 + Level 5.6 Stealth
 + Level 2.4 Unarmed Combat
 * Level 3.2 Invocations


You had 6 spell levels left.
You didn't know any spells.
Your spell library was empty.

Dungeon Overview and Level Annotations

Branches:
Dungeon (5/15)              Sewer (visited)
 Temple: D:4-7

Altars:
Cheibriados
Gozag
Qazlal
Sif Muna


Innate Abilities, Weirdness & Mutations

((You have very sharp fingernails.))
You may rarely emit foul miasma when damaged in melee.
You regenerate magic rapidly.


Message History

You claw the jackal!
You kill the jackal!
Cheibriados thoroughly appreciates the change of pace.
The wyvern skeleton bites you!
You emit a cloud of foul miasma!
You claw the wyvern skeleton!
The wyvern skeleton is lightly damaged.
The wyvern skeleton barely misses you.
You scratch the wyvern skeleton.
The wyvern skeleton is moderately damaged.
The wyvern skeleton bites you but does no damage.
The wyvern skeleton closely misses you.
You claw the wyvern skeleton!
The wyvern skeleton is heavily damaged.
The wyvern skeleton bites you!
You scratch the wyvern skeleton.
The wyvern skeleton is severely damaged.
The wyvern skeleton closely misses you.
You barely miss the wyvern skeleton.
The wyvern skeleton is severely damaged.
The wyvern skeleton misses you.
You claw the wyvern skeleton!
The wyvern skeleton is almost destroyed.
The wyvern skeleton bites you.
The wyvern skeleton bites you but does no damage.
You are too injured to fight recklessly!
You are too injured to fight recklessly!
You are too injured to fight recklessly!
You are too injured to fight recklessly!
The wyvern skeleton closely misses you. The wyvern skeleton bites you.
The wyvern skeleton bites you!
* * * LOW HITPOINT WARNING * * *
The wyvern skeleton bites you!
* * * LOW HITPOINT WARNING * * *
Unknown command.
Unknown command.
Unknown command.
It was a potion of lignification.
You turn into a tree.
Your +0 cloak melds into your body.
Your +0 robe melds into your body.
Your roots penetrate the ground.
The wyvern skeleton bites you!
You die...

## ####### .## ##.....## ..##
##.......## ...# #...>.....#
...# #.........# ...#
#.........#
...######......?..#
........#.......Z.#
......#.........♣.#### #####
......###............# #...#
.......##............# #...#
........#............# #...#
...................|.## #...#
.#.......#.......#.##.###...#
##.......##.....#...<.......#
###.....#####.........###...#
###.........?.........# #...#


You could see a wyvern skeleton.

Vanquished Creatures
  Grinder (D:3)
  Sigmund (D:2)
  An ice beast (D:5)
  Purgy (Sewer)
  A hound (D:3)
  A bullfrog skeleton (D:5)
  Jessica (D:2)
  Terence (D:3)
  A worker ant (D:5)
  3 gnolls
  7 adders
  A shadow imp (D:5)
  2 oozes
  3 worms
  2 dart slugs (D:1)
  5 leopard geckos
  7 orcs
  5 ball pythons
  5 giant cockroaches
  15 goblins
  10 hobgoblins
  10 jackals
  8 kobolds
  2 quokkas
  6 bats
  6 frilled lizards
  A leopard gecko skeleton (D:5)
  3 rats
110 creatures vanquished.

Notes
Turn   | Place    | Note
-------+----------+-------------------------------------------
     0 | D:1      | Morbidden the Demonspawn Brigand began the quest for the
                  | Orb.
     0 | D:1      | Reached XP level 1. HP: 16/16 MP: 1/1
   247 | D:1      | Reached skill level 1 in Dodging
   360 | D:1      | Gained mutation: You regenerate magic rapidly. [demonic
                  | ancestry]
   360 | D:1      | Reached XP level 2. HP: 22/22 MP: 2/2
   430 | D:1      | Reached skill level 4 in Stealth
  1111 | D:2      | Reached XP level 3. HP: 27/28 MP: 3/3
  1645 | D:2      | Gained mutation: You may rarely emit foul miasma when
                  | damaged in melee. [demonic ancestry]
  1645 | D:2      | Reached XP level 4. HP: 34/34 MP: 4/4
  2033 | D:2      | Noticed Sigmund
  2043 | D:2      | Killed Sigmund
  2044 | D:2      | Reached skill level 5 in Stealth
  2044 | D:2      | Gained mutation: You have sharp fingernails. [demonic
                  | ancestry]
  2044 | D:2      | Reached XP level 5. HP: 39/41 MP: 5/5
  2319 | D:2      | Noticed Jessica
  2323 | D:2      | Killed Jessica
  2324 | D:2      | Reached XP level 6. HP: 47/47 MP: 6/6
  2512 | D:2      | Found a snail-covered altar of Cheibriados.
  2521 | D:2      | Became a worshipper of Cheibriados the Contemplative
  2820 | D:2      | Found a stormy altar of Qazlal.
  2821 | D:2      | Found a shimmering blue altar of Sif Muna.
  4000 | D:3      | Reached * piety under Cheibriados
  4383 | D:3      | Noticed Grinder
  4398 | D:3      | Killed Grinder
  4399 | D:3      | Reached skill level 1 in Unarmed Combat
  4399 | D:3      | Reached skill level 1 in Invocations
  4399 | D:3      | Gained mutation: You have very sharp fingernails. [demonic
                  | ancestry]
  4399 | D:3      | Reached XP level 7. HP: 17/53 MP: 6/8
  5014 | D:3      | Noticed Terence
  5038 | D:3      | Killed Terence
  5613 | D:4      | Found an opulent altar of Gozag.
  5679 | D:4      | Found a glowing drain.
  5692 | Sewer    | Entered a sewer
  5780 | Sewer    | Noticed Purgy
  5795 | Sewer    | Killed Purgy
  6585 | D:5      | Entered Level 5 of the Dungeon
  6591 | D:5      | Reached ** piety under Cheibriados
  7204 | D:5      | HP: 1/54 [wyvern skeleton (12)]
  7205 | D:5      | Mangled by a wyvern skeleton

Illustrated notes

Levels and vault maps discovered:
D:1:      lemuel_arrival_river_ford, layout_basic
D:2:      layout_loops_corners, lemuel_coloured_pillars_altar, minitemple,
          kennysheep_nondescript, minmay_goblin_outpost, uniq_sigmund,
          uniq_jessica
D:3:      layout_basic, uniq_grinder, uniq_terence
D:4:      layout_loops_ring, cheibrodos_sewer_entry_bend, grunt_gozag_statues
D:5:      layout_rooms

Skill      XL: |  1  2  3  4  5  6  7 |
---------------+----------------------+-----
Dodging        | 1 2 3 |  3.7
Stealth        | 4 5 |  5.6
Short Blades   | 2 3 |  3.2
Throwing       | 2 |  2.3
Fighting       | 3 4 |  4.1
Unarmed Combat | 1 2 |  2.4
Invocations    | 1 3 |  3.2

Action                   |  1- 3 |  4- 6 |  7- 9 || total
-------------------------+-------+-------+-------++-------
Melee: Dagger            |    89 |    75 |    40 ||   204
       Unarmed           |       |   108 |    59 ||   167
       Punch             |       |     1 |     1 ||     2
Throw: Dart              |     9 |       |     6 ||    15
  Use: Scroll            |       |     4 |     5 ||     9
       Potion            |       |     3 |     2 ||     5
 Stab: Sleeping          |     8 |     8 |     7 ||    23
       Distracted        |       |     1 |       ||     1
Armor: Robe              |    20 |    29 |    21 ||    70
Dodge: Dodged            |    49 |   142 |    46 ||   237

Table legend: (Time is in decaauts)
 A = Elapsed time spent in this place.
 B = Non-inter-level travel time spent in this place.
 C = Inter-level travel time spent in this place.
 D = Time resting spent in this place.
 E = Time spent auto-exploring this place.
 F = Levels seen in this place.
 G = Mean time per level.
                   A        B        C        D        E       F      G
               +--------+--------+--------+--------+--------+-----+--------+
         Total |   8137 |   7926 |    211 |    979 |   5687 |   6 | 1356.2 |
       Dungeon |   7606 |   7395 |    211 |    979 |   5302 |   5 | 1521.2 |
         Sewer |    530 |    530 |      0 |      0 |    384 |   1 |  530.0 |
               +--------+--------+--------+--------+--------+-----+--------+

Top non-repeatable levels by time:
     D:3: 2883 daAuts
     D:2: 1937 daAuts
     D:1: 1092 daAuts
     D:4: 990 daAuts
     D:5: 702 daAuts
   Sewer: 530 daAuts
